 Dungeon Crawl Stone Soup version 0.31-a0-965-g8a8ce12e04 (webtiles) character file.

Game seed: 2356855393276641175

609 tsujin the Changeling (level 7, -13/66 HPs)
             Began as a Troll Shapeshifter on Oct 26, 2023.
             Mangled by Duvessa
             ... wielding a +7 short sword of speed
              (18 damage)
             ... on level 4 of the Dungeon.
             The game lasted 00:09:09 (3152 turns).

tsujin the Changeling (Troll Shapeshifter)          Turns: 3152, Time: 00:09:10

Health: -13/66     AC:  5    Str: 25    XL:     7   Next: 19%
Magic:  6/6        EV: 10    Int:  6    God:
Gold:   172        SH:  0    Dex:  9    Spells: 6/6 levels left

rFire   . .          .
                       - Unarmed
rCold   . . .        (no shield)
rNeg    + . .        a - +1 animal skin
rPois   .            (helmet currently unavailable)
rElec   .            (cloak currently unavailable)
rCorr   .            (gloves unavailable)
SInv    .            (boots unavailable)
Will    .....        k - amulet of the acrobat
Stlth   +            e - ring of positive energy
HPRegen 1.11/turn    (no ring)
MPRegen 0.10/turn

%: acrobat
@: brilliant, lit by a corona, beast-form, glowing
A: beast (slay +3), large, unfitting armour, claws 3, regeneration 1, shaggy fur
1, tough skin 1
a: Begin Untransformation


You were on level 4 of the Dungeon.
You were a hulking beast.
You visited 1 branch of the dungeon, and saw 4 of its levels.

You collected 172 gold pieces.

Inventory:

Armour
 a - a +1 animal skin (worn)
Magical Staves
 g - a staff of air
Jewellery
 e - a ring of positive energy (left claw)
 k - an amulet of the acrobat (around neck)
Talismans
 c - a beast talisman (active)
 d - a flux talisman
Scrolls
 i - 3 scrolls of vulnerability
Potions
 b - 2 potions of lignification
 f - a potion of enlightenment
 j - a potion of brilliance
 m - a potion of attraction {unknown}
 n - a potion of mutation


   Skills:
 + Level 2.9 Fighting
 + Level 3.2 Dodging
 + Level 4.6 Unarmed Combat
 * Level 5.2 Shapeshifting


You had 6 spell levels left.
You didn't know any spells.
Your spell library contained the following spells:

 Spells                   Type           Power      Damage    Failure   Level
 Wereblood                Tmut           0%         N/A       58%         2
 Irradiate                Conj/Tmut      0%         3d11      100%        5


Dungeon Overview and Level Annotations

Branches:
Dungeon (4/15)
 Temple: D:4-7

Altars:

Annotations:
D:4 Duvessa


Innate Abilities, Weirdness & Mutations

You are a hulking beast.
Your limbs bulge with bestial killing power. (Slay +3)
You are too large for most types of armour.
You have claws for hands.
Your natural rate of healing is unusually fast.
You are covered in fur. (AC +1)
You have tough skin. (AC +1)


Message History

The jackal barks!
You hear a shout!
Health restored: 66 You barely miss the jackal.
The jackal bites you.
Dowan, Brother of Duvessa comes into view.
He is wielding a +0 dagger of venom.
You take 2 damage, and have 64/66 hp.
You scratch the jackal.
The jackal is heavily wounded.
The jackal closely misses you.
You claw the jackal!
You kill the jackal!
Health restored: 66 Duvessa, Sister of Dowan comes into view.
She is wielding a +7 short sword of speed.
Dowan gestures at you while chanting.
You are outlined in light.
There is an open door here.
You mangle Dowan!!
You kill Dowan!
Duvessa screams, "No!
How DARE you!"
Duvessa goes berserk!
You hear an angry hiss.
A ball python comes into view.
The ball python hisses angrily.
Things that are here:
a +0 dagger of venom; a +0 robe; the elf corpse of Dowan You scratch Duvessa but do no damage.
Duvessa hits you with a +7 short sword of speed! x2
You take 24 damage, and have 42/66 hp.
MASSIVE DAMAGE!!
Okay, then.
Okay, then.
You claw Duvessa!
Duvessa is moderately wounded.
Duvessa hits you with a +7 short sword of speed! x2
You take 22 damage, and have 20/66 hp.
MASSIVE DAMAGE!!
Okay, then.
It was a potion of brilliance.
You feel clever all of a sudden.
Duvessa hits you with a +7 short sword of speed!
* * * LOW HITPOINT WARNING * * *
Duvessa hits you with a +7 short sword of speed!!
You die...

≈~≈~~≈~~~....~~~~~~~≈~
###≈~.
≈≈≈≈≈≈≈≈~....~≈~~~≈≈≈≈
≈≈≈≈~.
~~~≈~~~~~....~~≈~~~~~~
~~~~~.
.))...................
...P..
>.....................
......
.####....###.......#
.#####
......##.#.....###.#
#########+.....'.#
.##### .....
........#h# .#....
###### ###.....#e#
.#.... .... #######S.
.##### ###.# .... #
... .#.#. #.##### ##
#. .#.. ....... #. .#
.. ..(.... ## .# ..
....... #......


You could see Duvessa (berserk) and a ball python.

Vanquished Creatures
  A centaur (D:4)
  Dowan (D:4)
  A gnoll bouda (D:4)
  2 orc priests (D:4)
  3 hounds (D:4)
  3 orc wizards (D:4)
  A sleepcap (D:2)
  Robin (D:3)
  4 gnolls (D:4)
  6 adders
  A worm (D:2)
  2 dart slugs
  7 orcs
  9 ball pythons
  3 endoplasms
  A giant cockroach (D:3)
  11 goblins
  8 hobgoblins
  15 jackals
  2 quokkas
  8 bats
  2 frilled lizards
  6 kobolds
  10 rats
108 creatures vanquished.

Notes
Turn   | Place    | Note
-------+----------+-------------------------------------------
     0 | D:1      | tsujin the Troll Shapeshifter began the quest for the Orb.
     0 | D:1      | Reached XP level 1. HP: 18/18 MP: 0/0
   119 | D:1      | Reached skill level 1 in Fighting
   138 | D:1      | Reached XP level 2. HP: 27/27 MP: 1/1
   700 | D:2      | Reached XP level 3. HP: 28/33 MP: 2/2
   716 | D:2      | Found a faded altar of an unknown god.
   717 | D:2      | Noticed a golden eye
   719 | D:2      | Noticed an eye of devastation
   719 | D:2      | Noticed a great orb of eyes
   719 | D:2      | Noticed a great orb of eyes
   788 | D:2      | Identified the +3 mace "Ujuuceshru" {spect, Str+4 Dex+5
                  | SInv}
   991 | D:2      | Reached XP level 4. HP: 37/41 MP: 3/3
  2132 | D:3      | Noticed Robin
  2157 | D:3      | Killed Robin
  2158 | D:3      | Reached XP level 5. HP: 32/49 MP: 4/4
  2162 | D:3      | Reached skill level 4 in Shapeshifting
  2318 | D:3      | You fall into a shaft and drop 1 floor!
  2705 | D:4      | Reached XP level 6. HP: 55/58 MP: 5/5
  3062 | D:4      | Reached skill level 5 in Shapeshifting
  3118 | D:4      | Reached XP level 7. HP: 58/66 MP: 6/6
  3142 | D:4      | Noticed Dowan
  3147 | D:4      | Noticed Duvessa
  3148 | D:4      | Killed Dowan
  3152 | D:4      | Mangled by Duvessa

Illustrated notes

Levels and vault maps discovered:
D:1:      amcnicky_arrival_blooded_trapdoor, layout_basic
D:2:      layout_basic, hellmonk_ecumenical_altar_watching_god,
          grunt_ministairs_5
D:3:      layout_loops_corners, minmay_bisected, uniq_robin
D:4:      lemuel_castle_with_subvaults [lemuel_castle_interior_original],
          layout_basic, serial_co_window_serial, co_window_paths_b,
          co_window_corner_a, co_window_corner_a, co_window_of_opportunity_a,
          co_window_paths_a, co_window_corner_a, co_window_paths_b,
          co_window_paths_c, co_window_broadway_c, co_window_broadway_c,
          co_window_unsneaky_path_a, co_window_broadway_b, co_window_paths_e,
          glass_columns_b, glass_columns_b, glass_columns_a, uniq_duvessa

Skill      XL: |  1  2  3  4  5  6 |
---------------+-------------------+-----
Fighting       | 1 2 |  2.9
Dodging        | 2 3 |  3.2
Shapeshifting  | 4 5 |  5.2
Unarmed Combat | 4 |  4.6

Action                     |  1- 3 |  4- 6 |  7- 9 || total
---------------------------+-------+-------+-------++-------
  Melee: Unarmed           |    70 |   176 |     7 ||   253
         Punch             |     4 |     5 |       ||     9
    Use: Scroll            |     3 |     9 |       ||    12
         Potion            |       |     1 |     1 ||     2
 Armour: Animal skin       |    44 |   110 |     7 ||   161
  Dodge: Dodged            |    46 |   108 |     1 ||   155
   Form: Beast             |     1 |       |       ||     1

Table legend: (Time is in decaauts)
 A = Elapsed time spent in this place.
 B = Non-inter-level travel time spent in this place.
 C = Inter-level travel time spent in this place.
 D = Time resting spent in this place.
 E = Time spent auto-exploring this place.
 F = Levels seen in this place.
 G = Mean time per level.
                   A        B        C        D        E       F      G
               +--------+--------+--------+--------+--------+-----+--------+
         Total |   3115 |   2964 |    151 |      0 |   2081 |   4 |  778.8 |
       Dungeon |   3115 |   2964 |    151 |      0 |   2081 |   4 |  778.8 |
               +--------+--------+--------+--------+--------+-----+--------+

Top non-repeatable levels by time:
     D:3: 970 daAuts
     D:2: 811 daAuts
     D:1: 684 daAuts
     D:4: 649 daAuts
